 Dungeon Crawl Stone Soup version 0.18-a0-23-g19353e1 (webtiles) character file.

34 esc the Twirler (level 3, 0/28 HPs)
             Began as a Demonspawn Gladiator on Nov 2, 2015.
             Slain by a kobold
             ... wielding a +0 whip
              (3 damage)
             ... on level 2 of the Dungeon.
             The game lasted 00:01:47 (1010 turns).

esc the Twirler (Demonspawn Gladiator)              Turns: 1010, Time: 00:01:48

Health: 0/28       AC:  4    Str: 15    XL:     3   Next: 14%
Magic:  3/3        EV: 12    Int:  9    God:
Gold:   0          SH:  0    Dex: 14    Spells: 0 memorised, 2 levels left

rFire  . . .     SeeInvis .     a - +0 quarterstaff
rCold  . . .     Clarity  .     b - +1 leather armour
rNeg   . . .     SustAt   .     (shield currently unavailable)
rPois  .         Gourm    .     (helmet restricted)
rElec  .         Spirit   .     (no cloak)
rCorr  .         Warding  .     (no gloves)
rMut   .         Stasis   .     (no boots)
MR     .....                    (no amulet)
Stlth  +.........               (no ring)
                                (no ring)

@: lethally poisoned (0 -> -2), not resistant to hostile enchantments, very
unstealthy
A: horns 1
a: no special abilities


You were on level 2 of the Dungeon.
You were not hungry.

You visited 1 branch of the dungeon, and saw 2 of its levels.

Inventory:

Hand Weapons
 a - a +0 quarterstaff (weapon)
Missiles
 d - 3 throwing nets {=f, !d}
 h - 8 tomahawks (quivered)
Armour
 b - a +1 leather armour (worn)
 c - a +0 helmet
Scrolls
 g - a scroll of remove curse {unknown}
 j - a scroll of magic mapping {unknown}
 k - a scroll of blinking {unknown}
Potions
 l - 2 potions of invisibility {unknown}
Comestibles
 e - a bread ration {@e1}
 f - a meat ration {@e2}
 i - a slice of pizza


   Skills:
 + Level 2.4 Fighting
 + Level 3.0 Staves
 - Level 1.7 Throwing
 + Level 1.3 Armour
 + Level 2.9 Dodging


You had 2 spell levels left.
You didn't know any spells.

Dungeon Overview and Level Annotations

Branches:
Dungeon (2/15)

Altars:


Innate Abilities, Weirdness & Mutations

You have a pair of small horns on your head.


Message History

a club; a short sword; a hobgoblin corpse You butcher the hobgoblin corpse.
f - 8 chunks of flesh {@w0} (gained 2)
Things that are here:
a club; a short sword; a hobgoblin skeleton There isn't anything to butcher here.
You see here a club.
You see here a club.
Things that are here:
a club; a short sword; a hobgoblin skeleton
k - a scroll labeled QURABRI NAMISO Some of the chunks of flesh in your inventory have rotted away.
You see here a leather armour.
You see here a leather armour.
Some of the chunks of flesh in your inventory have rotted away.
Some of the chunks of flesh in your inventory have rotted away.
Done exploring.
You regained 9 hp, and now have 20/23 hp.
Done exploring.
There is a stone staircase leading down here.
Health restored: 23 You climb downwards.
A bat comes into view.
There is a stone staircase leading up here.
The bat hits you.
You take 1 damage, and have 22/23 hp.
The bat hits you but does no damage. x2
The bat hits you.
You take 1 damage, and have 21/23 hp.
You barely miss the bat. The bat hits you but does no damage.
You miss the bat. The bat barely misses you.
The bat hits you but does no damage.
You hit the bat but do no damage. You headbutt the bat, but do no damage.
The bat barely misses you. The bat barely misses you.
All of the chunks of flesh in your inventory have rotted away.
You miss the bat. The bat hits you but does no damage.
The bat hits you but does no damage. The bat hits you but does no damage.
Found an escape hatch in the ceiling.
You hit the bat.
You kill the bat!
Found a stone staircase leading up.
Health restored: 23
f - a meat ration {@e2}
l - 2 grey potions A kobold comes into view.
It is wielding a whip.
The kobold shouts!
The kobold throws a stone.
The stone misses you.
You see here a stone.
The kobold throws a stone.
The stone hits you but does no damage.
You see here a stone.
The kobold throws a stone.
The stone barely misses you.
An adder comes into view.
The kobold hits you but does no damage.
You closely miss the kobold. The kobold hits you with a whip.
You take 4 damage, and have 19/23 hp.
You miss the adder. Your headbutt misses the adder.
The adder closely misses you. The kobold hits you but does no damage.
The adder closely misses you. The kobold closely misses you.
The adder bites you.
You take 2 damage, and have 17/23 hp.
You see here a stone.
You barely miss the adder. The adder bites you but does no damage.
The adder bites you.
You are poisoned.
The adder poisons you!
You take 2 damage, and have 15/23 hp.
You hit the adder. Your headbutt misses the adder.
You feel sick. The adder completely misses you.
You take 1 damage, and have 14/23 hp.
You barely miss the adder. The adder closely misses you.
The adder bites you but does no damage.
You closely miss the adder. You headbutt the adder.
You feel sick. The adder barely misses you.
You take 1 damage, and have 13/23 hp.
You completely miss the adder. The adder bites you but does no damage.
The adder bites you.
You take 3 damage, and have 10/23 hp.
You hit the adder but do no damage. Your headbutt misses the adder.
The adder bites you.
You take 1 damage, and have 9/23 hp.
You hit the adder. You headbutt the adder.
You kill the adder!
You have reached level 3!
Your experience leads to an increase in your attributes!
Increase (S)trength, (I)ntelligence, or (D)exterity?
You feel agile.
You feel sick.
MP restored: 3 You closely miss the kobold.
The kobold hits you with a whip.
You hit the kobold. The kobold hits you with a whip.
* * * LOW HITPOINT WARNING * * *
You take 2 damage, and have 7/28 hp.
You hit the kobold.
You feel sick. The kobold hits you with a whip.
* * * LOW HITPOINT WARNING * * *
You take 4 damage, and have 3/28 hp.
You closely miss the kobold. The kobold hits you with a whip.
You die...

....# #...##
#....# #
#....#.#
#......#
#......#
#......#
########K#....#
#......(@#.#..#
#.########.#...#
#.# # ..# ####.#
.# #....# #.####
#.##.#########
#.##.#.......#
#.##.#.......#


You could see a kobold.

Vanquished Creatures
  An adder (D:2)
  A ball python (D:1)
  3 bats
  2 giant cockroaches (D:1)
  4 goblins (D:1)
  5 hobgoblins (D:1)
  A giant newt (D:1)
  4 kobolds (D:1)
  3 rats (D:1)
24 creatures vanquished.

Notes
Turn   | Place    | Note
--------------------------------------------------------------
     0 | D:1      | esc the Demonspawn Gladiator began the quest for the Orb.
     0 | D:1      | Reached XP level 1. HP: 16/16 MP: 1/1
    41 | D:1      | HP: 4/16 [hobgoblin/club (3)]
   363 | D:1      | Gained mutation: You have a pair of small horns on your head. [demonic ancestry]
   363 | D:1      | Reached XP level 2. HP: 16/22 MP: 2/2
   456 | D:1      | Reached skill level 1 in Armour
   676 | D:1      | Reached skill level 3 in Staves
  1006 | D:2      | Reached XP level 3. HP: 10/28 MP: 3/3
  1008 | D:2      | HP: 7/28 [kobold/whip (2)]
  1009 | D:2      | HP: 3/28 [kobold/whip (3)]
  1010 | D:2      | Slain by a kobold

Vault maps used:
D:1:      evilmike_arrival_hilbert_curve
D:2:      ecumenical_altar_2

Action                   || total
-------------------------++-------
Melee: Quarterstaff      ||    75
  Use: Scroll            ||     1

Vault maps used:
D:1:      evilmike_arrival_hilbert_curve
D:2:      ecumenical_altar_2

Table legend:
 A = Turns spent in this place as a percentage of turns spent in the entire game.
 B = Non-inter-level travel turns spent in this place as a percentage of non-inter-level travel turns spent in the entire game.
 C = Inter-level travel turns spent in this place as a percentage of turns spent in this place.
 D = Turns resting spent in this place as a percentage of non-inter-level travel turns spent in this place.
 E = Turns spent auto-exploring this place as a percentage of non-inter-level travel turns spent in this place.
 F = Non-inter-level travel turns spent in this place divided by the number of levels of this place that you've seen.
                   A       B       C       D       E      F
               +-------+-------+-------+-------+-------+----------------------
         Total | 100.0 | 100.0 |   0.5 |   1.8 |  11.8 | 110.5
       Dungeon | 100.0 | 100.0 |   0.5 |   1.8 |  11.8 | 110.5
               +-------+-------+-------+-------+-------+----------------------

Table legend:
 A = Kills in this place as a percentage of kills in entire the game.
 B = Kills by you in this place as a percentage of kills by you in the entire game.
 C = Kills by friends in this place as a percentage of kills by friends in the entire game.
 D = Other kills in this place as a percentage of other kills in the entire game.
 E = Experience gained in this place as a percentage of experience gained in the entire game.
 F = Experience gained in this place divided by the number of levels of this place that you have seen.
                   A       B       C       D       E      F
               +-------+-------+-------+-------+-------+----------------------
         Total | 100.0 | 100.0 |  -nan |  -nan | 100.0 |  24.5
       Dungeon | 100.0 | 100.0 |  -nan |  -nan | 100.0 |  24.5
               +-------+-------+-------+-------+-------+----------------------
